[Event "Titled Tuesday Blitz June 14 Late 2022"]
[White "Bernadskiy, Vitaliy"]
[Black "Svane, Rasmus"]
[WhiteFideId "14100371"]
[BlackFideId "4657101"]
[WhiteElo "2473"]
[BlackElo "2674"]
[Result "1-0"]
[Round "09"]
[TimeControl "180+1"]
[Date "2022.06.14"]
[WhiteClock "0:00:30"]
[BlackClock "0:00:02"]

1. b3 d5 2. Bb2 Bg4 3. f3 Bf5 4. e3 e6 5. d4 h5 6. Nc3 Nf6 7. Bd3 Nc6 8. Nge2 Qd7 9. Qd2 O-O-O 10. O-O-O Bxd3 11. Qxd3 e5 12. Kb1 a6 13. dxe5 Nxe5 14. Qd4 Nc6 15. Qd3 Ne5 16. Qd2 Bc5 17. Nf4 d4 18. Na4 dxe3 19. Qxd7+ Nexd7 20. Bxf6 gxf6 21. Rxd7 Rxd7 22. Nxc5 Rd4 23. Ncd3 h4 24. Re1 Re8 25. Kc1 b6 26. Kd1 c5 27. c3 Rd6 28. Ke2 Kc7 29. Rd1 Kc6 30. Ne1 Rxd1 31. Kxd1 b5 32. Ke2 a5 33. Nc2 a4 34. b4 cxb4 35. cxb4 Kd6 36. Nd4 Ke5 37. Kxe3 a3 38. g3 h3 39. Nxb5 Rb8 40. Nd4 Kd6 41. Nd3 Re8+ 42. Kd2 Rg8 43. Nc2 Kd5 44. Nxa3 Ra8 45. Nc2 Rxa2 46. Kc3 Ra8 47. Nf4+ Ke5 48. Nxh3 Rh8 49. Nf2 f5 50. h4 Rg8 51. g4 fxg4 52. Nxg4+ Kf4 53. Nd4 f5 54. Nh6 Rc8+ 55. Kd3 Rb8 56. b5 Ra8 57. Nhxf5 Rc8 58. Nd6 Rd8 59. Ne6+ Ke5 60. Nxd8 1-0


[Site "https://www.chess.com"]

[Event "Titled Tuesday Blitz June 14 Late 2022"]
[White "Bluebaum, Matthias"]
[Black "Jobava, Baadur"]
[WhiteFideId "24651516"]
[BlackFideId "13601520"]
[WhiteElo "2556"]
[BlackElo "2617"]
[Result "0-1"]
[Round "09"]
[TimeControl "180+1"]
[Date "2022.06.14"]
[WhiteClock "0:00:10"]
[BlackClock "0:00:11"]

1. d4 Nf6 2. c4 c5 3. d5 e6 4. Nc3 exd5 5. cxd5 g6 6. Nf3 Bg7 7. Bg5 h6 8. Bh4 d6 9. Nd2 Nbd7 10. e4 O-O 11. Be2 Re8 12. O-O a6 13. a4 g5 14. Bg3 Ne5 15. f4 gxf4 16. Rxf4 Rb8 17. Kh1 Bd7 18. Qf1 Nh7 19. h4 Rf8 20. Rf2 Bf6 21. Nf3 Qe7 22. Nxe5 Bxe5 23. Bxe5 Qxe5 24. Rf4 Kh8 25. Rxf7 Nf6 26. Rxf8+ Rxf8 27. Qf2 Kg7 28. Rf1 h5 29. Qf4 Re8 30. Qxe5 Rxe5 31. Rf4 b5 32. axb5 axb5 33. Bxb5 Bxb5 34. Nxb5 Nxe4 35. Kh2 Kg6 36. Kh3 c4 37. Nc3 Nxc3 38. bxc3 Re3+ 39. g3 Rxc3 40. Re4 Kf5 41. Re6 Rd3 42. Rxd6 c3 43. Rc6 Ke4 44. d6 Ke3 45. d7 Kd2 46. Rc7 c2 47. Kg2 c1=Q 48. Rxc1 Kxc1 49. g4 hxg4 50. d8=Q Rxd8 51. Kg3 Rg8 52. h5 Kd2 53. h6 Ke3 54. h7 Rh8 55. Kxg4 Rxh7 56. Kg5 Rf7 57. Kg6 Rf4 58. Kg7 Ke4 59. Kh7 Ke5 0-1


[Site "https://www.chess.com"]

[Event "Titled Tuesday Blitz June 14 Late 2022"]
[White "Bobadilla Viera, Jorge Samuel"]
[Black "Wang, Isaac"]
[WhiteFideId "3906353"]
[BlackFideId "30977185"]
[WhiteElo "2202"]
[BlackElo "2269"]
[Result "1/2-1/2"]
[Round "09"]
[TimeControl "180+1"]
[Date "2022.06.15"]
[WhiteClock "0:01:07"]
[BlackClock "0:00:17"]

1. e4 c5 2. Nf3 Nc6 3. d4 cxd4 4. Nxd4 Nf6 5. Nc3 e5 6. Ndb5 d6 7. Nd5 Nxd5 8. exd5 Ne7 9. c3 Nf5 10. a4 a6 11. Na3 g6 12. Bd3 Bg7 13. O-O O-O 14. Nc4 Ne7 15. Bg5 f6 16. Bh4 Nxd5 17. Bxg6 hxg6 18. Qxd5+ Kh7 19. Qxd6 Qxd6 20. Nxd6 Be6 21. Nxb7 Rab8 22. Nc5 Bc4 23. Rfb1 Rfc8 24. b4 f5 25. Rd1 Rc7 26. Rac1 a5 27. Rb1 Rbc8 28. Bg3 f4 29. Bh4 Bf8 30. Ne4 axb4 31. cxb4 Ba2 32. Ra1 Bb3 33. Rdb1 Bxa4 34. h3 Bc2 35. Re1 Bxb4 36. Nf6+ Kg7 37. Ng4 Bxe1 38. Rxe1 e4 39. Bf6+ Kh7 40. Be5 Rf7 41. Kh2 Bd3 42. Nf6+ Rxf6 43. Bxf6 Rc2 44. Kg1 Kg8 45. Bg5 f3 46. gxf3 exf3 47. Be3 Be2 48. Kh2 Kf7 49. Ra1 Rc7 50. Ra5 Ke6 51. h4 Rh7 52. Kg3 Rh5 53. Bg5 Rh7 54. Rc5 Rd7 55. Rc8 Rd1 56. Rc6+ Kf5 57. Rf6+ Ke5 58. Rxg6 Rg1+ 59. Kh3 Bf1+ 60. Kh2 Rg2+ 61. Kh1 Rxf2 62. Kg1 Bd3 63. Bf6+ Ke6 64. Kxf2 Bxg6 65. Kxf3 Kf5 66. Bg5 Bh5+ 67. Kg3 Bg6 68. Bd8 Bh5 69. Bb6 Bg6 70. Kf2 Bh5 71. Ke3 Bg6 72. Bc7 Bh5 73. Kd4 Bg6 74. Kc5 Bh5 75. Kd6 Bg6 76. Ke7 Bh5 77. Kf8 Bg6 78. Kg7 Bh5 79. Kh6 Kg4 80. Bd8 Be8 81. h5 Bxh5 1/2-1/2


[Site "https://www.chess.com"]

[Event "Titled Tuesday Blitz June 14 Late 2022"]
[White "Bringas Gomez, Artai"]
[Black "Tanenbaum, Zachary"]
[WhiteFideId "24534064"]
[BlackFideId "2060850"]
[WhiteElo "1988"]
[BlackElo "2175"]
[Result "0-1"]
[Round "09"]
[TimeControl "180+1"]
[Date "2022.06.14"]
[WhiteClock "0:00:28"]
[BlackClock "0:00:30"]

1. e4 e5 2. Nf3 Nc6 3. c3 Nf6 4. d3 d5 5. Nbd2 Bc5 6. Be2 O-O 7. O-O a5 8. a4 Qe7 9. Qc2 Rd8 10. Re1 h6 11. Nf1 Ng4 12. Ne3 d4 13. Nd5 Qd6 14. h3 Nf6 15. Nxf6+ Qxf6 16. cxd4 Bxd4 17. Nxd4 Nxd4 18. Qxc7 Rd7 19. Qc3 Rd6 20. Bd1 Qh4 21. Re3 Rg6 22. Kf1 Rf6 23. Qe1 Qf4 24. Kg1 Qh4 25. Bd2 Rg6 26. Rg3 Raa6 27. Rc1 Bxh3 28. gxh3 Qxh3 29. Bg4 Rxg4 30. Qe3 Rag6 31. Be1 Rh4 32. Rxg6 Qh1# 0-1


[Site "https://www.chess.com"]

[Event "Titled Tuesday Blitz June 14 Late 2022"]
[White "Bryakin, Mikhail"]
[Black "Ibarra Jerez, Jose Carlos"]
[WhiteFideId "4165314"]
[BlackFideId "2226332"]
[WhiteElo "2417"]
[BlackElo "2628"]
[Result "0-1"]
[Round "09"]
[TimeControl "180+1"]
[Date "2022.06.14"]
[WhiteClock "0:00:05"]
[BlackClock "0:00:28"]

1. e4 Nc6 2. Nf3 d6 3. d4 Nf6 4. Nc3 g6 5. h3 Bg7 6. Be3 O-O 7. Be2 a6 8. a4 e6 9. O-O b6 10. Qd2 Bb7 11. Bh6 Nb4 12. Bxg7 Kxg7 13. Bd3 c5 14. Rfe1 cxd4 15. Nxd4 Rc8 16. Rad1 Qc7 17. Nf3 Rfd8 18. Bf1 Qc5 19. Bd3 h6 20. Qf4 e5 21. Qd2 Nh5 22. Bf1 Nf4 23. g3 Ne6 24. Bg2 Nd4 25. Rc1 b5 26. axb5 axb5 27. Red1 Nbxc2 28. Nd5 Nb3 29. Qd3 Nxc1 30. Rxc1 Bxd5 31. exd5 Nb4 32. Rxc5 Nxd3 33. Rxb5 Rb8 34. Ra5 Ra8 35. Rb5 Rdb8 36. Rxb8 Rxb8 0-1


[Site "https://www.chess.com"]

[Event "Titled Tuesday Blitz June 14 Late 2022"]
[White "Deac, Bogdan-Daniel"]
[Black "Djokic, Mihailo"]
[WhiteFideId "1226380"]
[BlackFideId "976440"]
[WhiteElo "2648"]
[BlackElo "2255"]
[Result "1-0"]
[Round "09"]
[TimeControl "180+1"]
[Date "2022.06.14"]
[WhiteClock "0:00:51"]
[BlackClock "0:00:01"]

1. Nf3 Nf6 2. g3 g6 3. Bg2 Bg7 4. O-O O-O 5. d4 d6 6. b3 e5 7. dxe5 Nfd7 8. Bb2 Nc6 9. c4 dxe5 10. Qc1 Re8 11. Rd1 e4 12. Ne1 Bxb2 13. Qxb2 Qf6 14. Nc3 e3 15. f4 Nd4 16. Rab1 c5 17. Nd5 Qd6 18. Nf3 Nf5 19. Nxe3 Qe6 20. Nxf5 Qxf5 21. e4 Qf6 22. e5 Qe7 23. Rd6 Nf8 24. Rbd1 Bg4 25. h3 Be6 26. Ng5 Rab8 27. Ne4 Kg7 28. g4 b6 29. Qf2 Kh8 30. f5 gxf5 31. gxf5 Bc8 32. Nf6 Qxe5 33. Nxe8 Qxe8 34. Re1 Ne6 35. fxe6 Bxe6 36. Qf6+ Kg8 37. Bd5 Qf8 38. Rexe6 Qg7+ 39. Qxg7+ Kxg7 40. Re7 1-0


[Site "https://www.chess.com"]

[Event "Titled Tuesday Blitz June 14 Late 2022"]
[White "Dubov, Daniil"]
[Black "Ivic, Velimir"]
[WhiteFideId "24126055"]
[BlackFideId "950122"]
[WhiteElo "2791"]
[BlackElo "2610"]
[Result "1-0"]
[Round "09"]
[TimeControl "180+1"]
[Date "2022.06.14"]
[WhiteClock "0:00:07"]
[BlackClock "0:00:03"]

1. d4 d5 2. c4 e6 3. Nf3 Nf6 4. g3 Bb4+ 5. Nbd2 O-O 6. Bg2 dxc4 7. Qc2 b5 8. a4 Bb7 9. axb5 a6 10. bxa6 Nxa6 11. O-O c5 12. Qxc4 Qb6 13. Qd3 cxd4 14. Nc4 Qc5 15. Qxd4 Qb5 16. Nd6 Bxd6 17. Qxd6 Rfd8 18. Qe5 Rd5 19. Qe3 Rad8 20. Bd2 R5d7 21. Bc3 Nd5 22. Qe5 Nxc3 23. bxc3 Qc4 24. Qe3 Qc5 25. Qxc5 Nxc5 26. Ne5 Rd2 27. Bxb7 Nxb7 28. Ra7 Nd6 29. e3 Rc8 30. Rb1 f6 31. Nf3 Rc2 32. Nd4 R2xc3 33. Nxe6 Nf5 34. Rbb7 R3c6 35. Nxg7 Nd6 36. Rd7 Rc1+ 37. Kg2 Ne4 38. Nf5 R1c2 39. Ne7+ Kf8 40. Nxc8 Rxf2+ 41. Kg1 Rc2 42. Rd8# 1-0


[Site "https://www.chess.com"]

[Event "Titled Tuesday Blitz June 14 Late 2022"]
[White "Fedoseev, Vladimir"]
[Black "Martinez Alcantara, Jose Eduardo"]
[WhiteFideId "24130737"]
[BlackFideId "3805662"]
[WhiteElo "2726"]
[BlackElo "2703"]
[Result "0-1"]
[Round "09"]
[TimeControl "180+1"]
[Date "2022.06.14"]
[WhiteClock "0:00:05"]
[BlackClock "0:00:11"]

1. e4 c5 2. Nf3 d6 3. c3 Nf6 4. Bd3 Nc6 5. Bc2 Bg4 6. d3 g6 7. Nbd2 Bg7 8. h3 Bd7 9. O-O O-O 10. d4 cxd4 11. cxd4 Nb4 12. Bb1 Bb5 13. Re1 Nd3 14. Bxd3 Bxd3 15. Qb3 Ba6 16. Nf1 Qb6 17. Qxb6 axb6 18. Ne3 e6 19. e5 dxe5 20. dxe5 Nd7 21. Nc2 Bc4 22. Nb4 Nc5 23. Be3 Rfc8 24. Rac1 Bb5 25. a3 Bf8 26. Bd4 Nd7 27. Bc3 Ba4 28. Nd3 Nc5 29. Nxc5 bxc5 30. Ng5 Bh6 31. h4 Rd8 32. Re4 Bc6 33. Rf4 Rd7 34. f3 b6 35. Kf2 Rad8 36. Kg3 Bf8 37. Ne4 Bxe4 38. Rxe4 h5 39. a4 Be7 40. Kf2 Rd5 41. Ke2 Kf8 42. g3 Ke8 43. b3 Kd7 44. Bd2 Kc6 45. Be3 Kb7 46. Rf4 Rf8 47. Re4 Rfd8 48. Bh6 R8d7 49. Rc2 Bd8 50. Rd2 Bc7 51. Bf4 Kc6 0-1


[Site "https://www.chess.com"]

[Event "Titled Tuesday Blitz June 14 Late 2022"]
[White "Golubev, Mikhail"]
[Black "Flynn, Jacob"]
[WhiteFideId "14100983"]
[BlackFideId "2509393"]
[WhiteElo "2374"]
[BlackElo "1896"]
[Result "0-1"]
[Round "09"]
[TimeControl "180+1"]
[Date "2022.06.15"]
[WhiteClock "0:00:01"]
[BlackClock "0:00:02"]

1. e4 e5 2. Nf3 Nc6 3. Bb5 a6 4. Ba4 Nf6 5. O-O Be7 6. Re1 b5 7. Bb3 O-O 8. a4 Bb7 9. Nc3 b4 10. Nd5 d6 11. Nxe7+ Qxe7 12. a5 h6 13. d3 Nd8 14. c3 bxc3 15. bxc3 Bc8 16. d4 Be6 17. dxe5 Bxb3 18. exf6 Qe6 19. Qd2 Qxf6 20. e5 dxe5 21. Ba3 Re8 22. Qd7 Nc6 23. Qxc7 Rac8 24. Qb6 Bc4 25. Nd2 Bd3 26. Ne4 Bxe4 27. Rxe4 Ne7 28. c4 Nf5 29. Bb2 Re6 30. Qb7 Rce8 31. Ree1 Nd4 32. Bxd4 exd4 33. Rxe6 Qxe6 34. Qb4 d3 35. h3 Qe2 36. Qd6 d2 37. Qd7 Re6 38. Qc8+ Kh7 39. Qd7 Qe1+ 40. Kh2 Qxa1 41. Qd3+ g6 42. Qxd2 Qe5+ 43. g3 Qe2 44. Qf4 Qe5 45. c5 Kh8 46. Qc4 Re7 0-1


[Site "https://www.chess.com"]

[Event "Titled Tuesday Blitz June 14 Late 2022"]
[White "Gomez Dieguez, David"]
[Black "Jiganchine, Roman"]
[WhiteFideId "22223630"]
[BlackFideId "2603667"]
[WhiteElo "2117"]
[BlackElo "2218"]
[Result "0-1"]
[Round "09"]
[TimeControl "180+1"]
[Date "2022.06.15"]
[WhiteClock "0:00:04"]
[BlackClock "0:00:14"]

1. c4 e6 2. Nf3 d5 3. e3 Nf6 4. Nc3 Be7 5. b3 O-O 6. Bb2 c5 7. cxd5 exd5 8. d4 Nc6 9. Be2 Bg4 10. dxc5 Bxc5 11. O-O Re8 12. Rc1 Bb4 13. h3 Be6 14. Nb5 Ne4 15. a3 Bf8 16. b4 a5 17. Nbd4 axb4 18. Nxc6 bxc6 19. axb4 Qb6 20. Qd4 Qb7 21. Ne5 c5 22. bxc5 Bxc5 23. Rxc5 Nxc5 24. Nd3 f6 25. Nxc5 Qa7 26. Nxe6 Rxe6 27. Qxa7 Rxa7 28. Bd4 Ra2 29. Bf3 Rd6 30. Ra1 Rxa1+ 31. Bxa1 Kf7 32. Bd4 Ke6 33. Kf1 Rd7 34. Ke2 g6 35. Bg4+ f5 36. Bf3 Rb7 37. g4 Rc7 38. Kd3 Rc1 39. Kd2 Rf1 40. Ke2 Rb1 41. g5 Rc1 42. h4 Rc2+ 43. Kf1 Rc1+ 44. Kg2 Rc2 45. Bd1 Rc1 46. Ba4 Ra1 47. Bc6 Ra2 48. Bb7 Rc2 49. Bc8+ Ke7 50. Bf6+ Kf7 51. Bb7 Ke6 52. Kf3 Rd2 53. Bc8+ Kf7 54. Bc3 Rc2 55. Bd4 Rxc8 56. Kf4 Ke6 57. f3 Rc2 58. Kg3 Re2 59. Bc5 Rd2 60. Bd4 Rc2 61. h5 Rc4 62. hxg6 hxg6 63. Kf4 Rc2 64. Kg3 Re2 65. f4 Rd2 66. Kf3 Rc2 67. Bb6 Kd7 68. Bd4 Kc6 69. Ba7 Kb5 70. Bd4 Kc4 71. Ba7 Kd3 72. Bb6 Rc4 73. Ba7 Rb4 74. Bc5 Ra4 75. Bb6 Ra1 76. Bc5 Re1 77. Kg2 Ke4 78. Kf2 Rd1 79. Bb6 Rd2+ 80. Ke1 Kd3 81. Bd4 Re2+ 82. Kf1 Rxe3 83. Be5 Re4 84. Kf2 Re3 85. Bd6 Re2+ 86. Kf3 Rc2 87. Be5 d4 88. Bd6 Rc4 89. Be5 Rc2 90. Bf6 Re2 91. Bd8 Re4 92. Bb6 Kc4 93. Ba5 d3 94. Bd2 Kb3 95. Be3 Kc2 96. Bc5 d2 97. Ba3 d1=Q+ 0-1


[Site "https://www.chess.com"]

[Event "Titled Tuesday Blitz June 14 Late 2022"]
[White "Goncalves, Davi Sulzbacher"]
[Black "Lagno, Kateryna"]
[WhiteFideId "2154510"]
[BlackFideId "14109336"]
[WhiteElo "2107"]
[BlackElo "2522"]
[Result "1/2-1/2"]
[Round "09"]
[TimeControl "180+1"]
[Date "2022.06.14"]
[WhiteClock "0:00:18"]
[BlackClock "0:00:35"]

1. d4 Nf6 2. c4 g6 3. Nc3 d5 4. cxd5 Nxd5 5. e4 Nxc3 6. bxc3 Bg7 7. Bc4 c5 8. Ne2 Nc6 9. Be3 O-O 10. O-O Bg4 11. f3 Bd7 12. Qd2 Rc8 13. Rac1 cxd4 14. cxd4 Qa5 15. Qxa5 Nxa5 16. Bd3 e6 17. Rxc8 Rxc8 18. Rc1 Rxc1+ 19. Bxc1 Nc6 20. Be3 Nb4 21. Bc4 b5 22. Bb3 a5 23. Bd2 Bf8 24. a3 Nc6 25. d5 Bc5+ 26. Kf1 exd5 27. exd5 Ne5 28. Bxa5 Bxa3 29. Bc3 Nd3 30. Bc2 Nc5 31. Nd4 b4 32. Bd2 Bb2 33. Nb3 Bb5+ 34. Kf2 Na6 35. Ke3 Kf8 36. Bd3 Ba4 37. Bc4 Ba3 38. Kd4 Ke7 39. Kd3 Kd7 40. Be3 Kd6 41. Bf4+ Kd7 42. Be3 Kd6 43. Bf4+ Kd7 44. Be3 1/2-1/2


[Site "https://www.chess.com"]

[Event "Titled Tuesday Blitz June 14 Late 2022"]
[White "Guz, Ari"]
[Black "Zhigalko, Sergei"]
[WhiteFideId "2825759"]
[BlackFideId "13502956"]
[WhiteElo "1913"]
[BlackElo "2662"]
[Result "0-1"]
[Round "09"]
[TimeControl "180+1"]
[Date "2022.06.14"]
[WhiteClock "0:00:32"]
[BlackClock "0:00:08"]

1. Nf3 d5 2. b3 Bg4 3. Ne5 Bf5 4. Bb2 Nd7 5. Nxd7 Qxd7 6. d3 Nf6 7. Nd2 e6 8. g3 h5 9. h3 Bd6 10. Bg2 e5 11. e4 dxe4 12. dxe4 Be6 13. Qe2 O-O-O 14. O-O-O Qc6 15. f4 Qc5 16. Nf3 Be7 17. Nxe5 g6 18. Nd3 Qa5 19. Kb1 Rhe8 20. Qe1 Qa6 21. Qf2 Qb6 22. Qxb6 axb6 23. Rhe1 Nd7 24. Bc3 Nc5 25. Kb2 Na6 26. a3 Rd7 27. Ne5 Rxd1 28. Rxd1 Nc5 29. Nd3 Nd7 30. Rf1 f6 31. f5 Bf7 32. Nf4 g5 33. Ng6 Bd6 34. g4 hxg4 35. hxg4 Bxg6 36. fxg6 Rg8 37. Bxf6 Nxf6 38. Rf5 Nd7 39. Rxg5 Bf4 40. Rf5 Be5+ 41. Ka2 Rxg6 42. g5 Kd8 43. Bh3 Rg7 44. g6 Rxg6 45. Rh5 Bg7 46. Rd5 Rd6 47. Rxd6 cxd6 48. c4 Nc5 49. Bf5 Kc7 50. b4 Nd3 51. Kb3 Be5 52. a4 Nf4 53. a5 bxa5 54. bxa5 Nd3 55. Ka4 Nc5+ 56. Kb5 Na6 57. Be6 Kb8 58. Bd5 Ka7 59. Bf7 Bc3 60. Bg6 Nc7+ 61. Ka4 Ka6 62. Be8 Bxa5 63. Bd7 Bc3 64. Bg4 Kb6 65. Be2 Kc5 66. Kb3 Be5 67. Bd3 b6 68. Bc2 Ne6 69. Bd3 Nd4+ 70. Ka4 Nc6 71. Kb3 Na5+ 72. Ka4 Nxc4 73. Kb3 Na5+ 74. Kc2 b5 75. Be2 b4 0-1


[Site "https://www.chess.com"]

[Event "Titled Tuesday Blitz June 14 Late 2022"]
[White "Guzman, Christopher"]
[Black "Adewumi, Tanitoluwa"]
[WhiteFideId "6405096"]
[BlackFideId "30966396"]
[WhiteElo "2244"]
[BlackElo "2478"]
[Result "0-1"]
[Round "09"]
[TimeControl "180+1"]
[Date "2022.06.15"]
[WhiteClock "0:00:14"]
[BlackClock "0:00:06"]

1. e4 c5 2. Nf3 e6 3. d4 cxd4 4. Nxd4 Nc6 5. Nc3 Qc7 6. g3 a6 7. Bg2 d6 8. O-O Be7 9. a4 Bd7 10. Nb3 Nf6 11. a5 O-O 12. Be3 Rfc8 13. f4 Kh8 14. Bb6 Qb8 15. g4 Bd8 16. g5 Bxb6+ 17. axb6 Ne8 18. Qh5 Nd8 19. Rf3 Kg8 20. Rh3 Kf8 21. Qxh7 Ke7 22. Rg3 d5 23. exd5 Qxf4 24. dxe6 Bxe6 25. Rf1 Qe5 26. Kh1 Rc4 27. Nd2 Rf4 28. Rgf3 Rxf3 29. Nxf3 Qc5 30. g6 f6 31. Re1 Rc8 32. Ne4 Qxc2 33. Nd4 Qxb2 34. Nxe6 Rc1 35. Qh4 Nxe6 36. Bh3 Rxe1+ 37. Qxe1 Qxb6 38. Nc5 Qc6+ 39. Bg2 Qxc5 40. h4 Nd6 41. Qb1 b5 42. Qa1 Qb6 43. Qa2 a5 44. Bh3 Nc5 45. Qe2+ Nde4 46. Bf5 Qd6 47. Bxe4 Qe5 48. Qxb5 Qxe4+ 49. Kh2 Qe5+ 50. Kh3 Nd7 51. Qb7 Qe6+ 52. Kh2 a4 53. Qa7 Qd6+ 54. Kh3 a3 55. Kg4 Qe6+ 56. Kg3 a2 57. Kf3 Qd5+ 58. Kf2 Qc5+ 0-1


[Site "https://www.chess.com"]

[Event "Titled Tuesday Blitz June 14 Late 2022"]
[White "Hjartarson, Johann"]
[Black "D`Arruda, Ricardo D."]
[WhiteFideId "2300044"]
[BlackFideId "100692"]
[WhiteElo "2458"]
[BlackElo "2516"]
[Result "1-0"]
[Round "09"]
[TimeControl "180+1"]
[Date "2022.06.14"]
[WhiteClock "0:00:09"]
[BlackClock "0:00:25"]

1. e4 c5 2. Nf3 Nc6 3. Nc3 Nf6 4. Bb5 e6 5. O-O Be7 6. e5 Nd5 7. Nxd5 exd5 8. d3 a6 9. Bxc6 dxc6 10. h3 O-O 11. Re1 h6 12. b3 c4 13. Bb2 cxd3 14. cxd3 Be6 15. Rc1 c5 16. Qe2 b5 17. Nh2 Qd7 18. f4 a5 19. g4 g6 20. Nf3 a4 21. Rf1 axb3 22. axb3 Ra2 23. Ra1 Rfa8 24. Qg2 Kh7 25. Rxa2 Rxa2 26. f5 gxf5 27. gxf5 Bxf5 28. e6 Rxb2 29. exd7 Rxg2+ 30. Kxg2 Bxd7 31. Ne5 Be6 32. Nxf7 d4 33. Ne5 Bxb3 34. Rb1 Bd5+ 35. Kg3 Bd6 36. Kf4 b4 37. Kf5 b3 38. h4 Be7 39. h5 Bg5 40. Nc4 Bxc4 41. dxc4 d3 42. Rxb3 d2 43. Rd3 Kg7 44. Rd7+ Kf8 45. Ke6 Ke8 46. Rd5 Be3 47. Kf5 Ke7 48. Ke4 Bg5 49. Kf3 Ke6 50. Ke2 Be7 51. Kxd2 Bd6 52. Kd3 Be7 53. Ke4 Bf8 54. Re5+ Kf6 55. Rf5+ Ke7 56. Rxf8 Kxf8 57. Kd5 1-0


[Site "https://www.chess.com"]

[Event "Titled Tuesday Blitz June 14 Late 2022"]
[White "Ivanisevic, Ivan"]
[Black "Yurovskykh, Oleksandr"]
[WhiteFideId "912417"]
[BlackFideId "14134020"]
[WhiteElo "2535"]
[BlackElo "2292"]
[Result "1-0"]
[Round "09"]
[TimeControl "180+1"]
[Date "2022.06.14"]
[WhiteClock "0:00:10"]
[BlackClock "0:00:02"]

1. d4 d5 2. c4 e6 3. Nf3 Nf6 4. g3 dxc4 5. Bg2 Bd7 6. Ne5 Bc6 7. Nxc6 Nxc6 8. e3 Qd7 9. O-O Rd8 10. Nd2 b5 11. b3 c3 12. Ne4 Nxe4 13. Bxe4 Be7 14. Qd3 b4 15. a3 a5 16. Qb5 Nb8 17. Qxa5 bxa3 18. Bxa3 Bxa3 19. Rxa3 O-O 20. Qxc3 Qd6 21. b4 Nd7 22. Ra7 Nf6 23. Bg2 Rb8 24. Rb1 Rfc8 25. Qc5 Qb6 26. h3 Nd7 27. Qxb6 Nxb6 28. Rc1 c6 29. Rxc6 Rxc6 30. Bxc6 Kf8 31. b5 h5 32. Kg2 g6 33. g4 hxg4 34. hxg4 g5 35. Kf3 Nc4 36. Ke2 Nd6 37. Ra5 Nc4 38. Ra1 Nd6 39. Rb1 Nc4 40. Kd3 Nb6 41. Ra1 Ke7 42. e4 f6 43. Ra7+ Kf8 44. Rh7 Kg8 45. Re7 e5 46. dxe5 fxe5 47. Rxe5 Rd8+ 48. Ke2 Nc4 49. Rxg5+ Kf7 50. Rf5+ Kg6 51. e5 Rd2+ 52. Ke1 Rb2 53. f4 Ne3 54. Rf6+ Kg7 55. g5 Rb4 56. Ke2 Ng2 57. Kf3 Ne1+ 58. Kg4 Nc2 59. e6 Ne3+ 60. Kh5 Rb1 61. Rf7+ Kg8 62. Kg6 Rb4 63. Rg7+ Kh8 64. Rh7+ Kg8 65. e7 Re4 66. Bxe4 Ng4 67. e8=Q# 1-0


[Site "https://www.chess.com"]

[Event "Titled Tuesday Blitz June 14 Late 2022"]
[White "Janaszak, Dawid"]
[Black "Barria Zuniga, Daniel"]
[WhiteFideId "1119206"]
[BlackFideId "3400816"]
[WhiteElo "2199"]
[BlackElo "2414"]
[Result "0-1"]
[Round "09"]
[TimeControl "180+1"]
[Date "2022.06.15"]
[WhiteClock "0:00:01"]
[BlackClock "0:00:06"]

1. e4 g6 2. Nc3 Bg7 3. Bc4 c5 4. h4 h5 5. Qf3 e6 6. d4 cxd4 7. Nb5 d6 8. Bf4 Be5 9. Bxe5 dxe5 10. Qa3 Ne7 11. Nd6+ Kf8 12. Nf3 Kg7 13. Nxe5 Rf8 14. O-O-O Nec6 15. f4 Nxe5 16. fxe5 Nc6 17. Rhf1 Qxh4 18. Kb1 Qg5 19. Rf2 Qxe5 20. Rdf1 Nd8 21. Bd3 b6 22. Nc4 Qc5 23. b4 Qe7 24. e5 Bb7 25. Qb2 Bd5 26. Nd6 Nc6 27. Rxf7+ Rxf7 28. Rxf7+ Qxf7 29. Nxf7 Kxf7 30. b5 Nxe5 31. Qxd4 Nxd3 32. cxd3 Rf8 33. g3 Kg8 34. Qe5 Rf7 35. Qg5 Kg7 36. a4 Rf5 37. Qe7+ Rf7 38. Qg5 Kh7 39. Kb2 Bf3 40. Kc3 Bg4 41. Qd8 Bf5 42. Kd4 e5+ 43. Kxe5 Rd7 44. Qe8 Rxd3 45. Qe7+ Kh6 46. Qxa7 Kg5 47. Qxb6 Kg4 48. Qf2 Rxg3 49. b6 Rf3 50. Qe3 Rxe3+ 51. Kd4 Rb3 0-1


[Site "https://www.chess.com"]

[Event "Titled Tuesday Blitz June 14 Late 2022"]
[White "Keller, Peter"]
[Black "Colpe, Malte"]
[WhiteFideId "1272105"]
[BlackFideId "24623075"]
[WhiteElo "2275"]
[BlackElo "2328"]
[Result "0-1"]
[Round "09"]
[TimeControl "180+1"]
[Date "2022.06.15"]
[WhiteClock "0:00:03"]
[BlackClock "0:00:13"]

1. d4 Nf6 2. Bf4 g6 3. e3 Bg7 4. Nf3 d6 5. h3 c5 6. c3 O-O 7. Nbd2 Qb6 8. Qb3 Be6 9. Qxb6 axb6 10. a3 Nc6 11. Bc4 d5 12. Bd3 c4 13. Bc2 b5 14. O-O Bf5 15. Bxf5 gxf5 16. Ne5 e6 17. Bh2 Rfd8 18. f3 Ne8 19. g4 Nxe5 20. Bxe5 Bxe5 21. dxe5 f6 22. exf6 Nxf6 23. Kf2 Kf7 24. Rg1 Rg8 25. gxf5 exf5 26. Rxg8 Rxg8 27. Rg1 Rxg1 28. Kxg1 Nd7 29. Kf2 Nc5 30. Ke2 Na4 31. e4 Ke6 32. Ke3 dxe4 33. fxe4 Nxb2 34. exf5+ Kxf5 35. Kd4 b6 36. Ne4 Kf4 37. Nd6 Kg3 38. Nxb5 Kxh3 39. Ke4 Kg3 40. Nd6 h5 41. Nf5+ Kg4 42. Ne3+ Kg3 43. Nf5+ Kf2 44. Kf4 Ke2 45. Ne7 Kd3 46. Nd5 Na4 47. Kg5 Kc2 48. Kxh5 Kb3 49. Kg5 Kxa3 50. Kf4 b5 51. Ke4 Kb3 52. Kd4 Kb2 53. Ne3 Nxc3 54. Nxc4+ Kb3 55. Nd6 b4 56. Ne4 Nxe4 0-1


[Site "https://www.chess.com"]

[Event "Titled Tuesday Blitz June 14 Late 2022"]
[White "Kim, Sergey"]
[Black "Hambleton, Aman"]
[WhiteFideId "13700570"]
[BlackFideId "2606577"]
[WhiteElo "2602"]
[BlackElo "2552"]
[Result "0-1"]
[Round "09"]
[TimeControl "180+1"]
[Date "2022.06.14"]
[WhiteClock "0:00:13"]
[BlackClock "0:00:04"]

1. d4 Nf6 2. c4 e6 3. Nc3 Bb4 4. Qc2 c5 5. dxc5 Qc7 6. Nf3 Bxc5 7. e3 a6 8. Bd3 b6 9. O-O Bb7 10. Ne4 Be7 11. b3 d6 12. Bb2 Nbd7 13. Rac1 h6 14. Nxf6+ Bxf6 15. Bxf6 Nxf6 16. Nd2 O-O 17. Ne4 Bxe4 18. Bxe4 Rac8 19. Bd3 Rfd8 20. Qe2 b5 21. h3 d5 22. Rc2 bxc4 23. bxc4 d4 24. c5 dxe3 25. Qxe3 Nd5 26. Qe4 Nf6 27. Qe2 Qa5 28. Rfc1 Rc6 29. Be4 Nxe4 30. Qxe4 Rdc8 31. Qd4 Qc7 32. Qc4 Qe7 33. Qb4 h5 34. Qa5 g6 35. Qb4 Qg5 36. Qd4 Kh7 37. Qb4 Kg7 38. Qd4+ Qf6 39. Qe3 Qf5 40. Qd4+ Qf6 41. Qe3 R8c7 42. Rc4 Qf5 43. Qd4+ Qf6 44. Qe3 e5 45. R4c3 Qe7 46. g3 Qe6 47. Kg2 Qd5+ 48. Kh2 f6 49. h4 Qxa2 50. R1c2 Qd5 51. Rd3 Qe6 52. Rdc3 Qe7 53. Rc1 Qf7 54. R1c2 Kh7 55. Ra3 Qf8 56. Rac3 Qh6 57. Qd3 Qg7 58. Qd5 Qe7 59. Rc4 Qe6 60. Qe4 Rd7 61. Qe2 Qd5 62. R4c3 Qd1 63. Qe4 Qd5 64. Qe2 f5 65. Re3 e4 66. Rec3 Qd1 67. Qe3 Qd4 68. Qg5 Rdc7 69. Rc4 Qf6 70. Qe3 Qe5 71. R4c3 Kg7 72. Rc4 Qd5 73. Kg2 a5 74. R4c3 a4 75. Rc4 Kh7 76. Rd4 Qe5 77. Rdc4 Qd5 78. Rd4 Qe6 79. Rxa4 Qe7 80. Rac4 Qe5 81. R4c3 Kg7 82. Rc4 Kf6 83. R4c3 Qd5 84. Rc4 Qe5 85. Qg5+ Kf7 86. Qe3 Qe7 87. R4c3 Qf6 88. Qh6 Qg7 89. Qe3 Qe5 90. Qh6 Qf6 91. Qe3 Kg7 92. Rc4 Qe7 93. R4c3 Rc8 94. Rc4 Qe5 95. R4c3 R8c7 96. Rc4 Qf6 97. R4c3 Kh7 98. Rc4 Qg7 99. R4c3 Qh6 100. Qd4 Qf8 101. Qe3 Qh6 102. Qd4 Kg8 103. Qe3 Qxe3 104. fxe3 Kf7 105. Kf2 Ke6 106. Ke2 Kd5 107. Rd2+ Ke5 108. Rdc2 Ra7 109. Rc4 Ra5 110. R4c3 Rb5 111. Kf2 Kd5 112. Rd2+ Ke5 113. Rdc2 Rb1 114. Ke2 Rg1 115. Kf2 Rd1 116. Ke2 Rd5 117. Rc4 Rd3 118. Ra4 Kd5 119. Ra5 Rb3 120. Rd2+ Kc4 121. Rc2+ Kb4 122. Rca2 Kc3 123. Ra6 Rxc5 124. Rxg6 Rb2+ 125. Rxb2 Kxb2 126. Rg5 Rc2+ 127. Ke1 Kc3 128. Rxh5 Kd3 129. Rxf5 Kxe3 130. Kd1 Rg2 131. Rg5 Kd3 132. Rd5+ Ke3 133. Rg5 Kf3 134. h5 Rg1+ 135. Kc2 e3 136. Rf5+ Kg4 137. Re5 Kf3 138. Rf5+ Ke4 139. Rf8 e2 140. Re8+ Kf3 141. Rf8+ Ke3 142. Re8+ Kf2 143. Rf8+ Kxg3 144. Rg8+ Kf2 145. Rf8+ Ke3 146. Re8+ Kf3 147. Rf8+ Ke3 148. Re8+ Kf2 149. Rf8+ Kg2 150. Rg8+ Kh2 0-1


[Site "https://www.chess.com"]